Map: Ulrena

Players

LilDicky - Winner!

  • Race: Terran Terran
  • League: Platinum

JAB

  • Race: Zerg Zerg
  • League: Platinum

VOD

http://www.twitch.tv/tumescentpie

Description

Time

  • Played on: Nov. 20, 2015, 11:51 p.m.
  • Length: 5:25
Show
View Real Time Build Order
Export as new Build Order

LilDicky Terran - Winner!

Build Orders: 1/1/1, Liberator Opening 

Get SALT Encoding   

  12  0:01  SCV  
  13  0:17  Supply Depot  
  13  0:18  SCV  
  14  0:30  SCV, Refinery  
  15  0:43  Barracks  
  15  0:46  SCV  
  16  0:58  SCV  
  17  1:04  Supply Depot  
  17  1:10  SCV  
  18  1:22  SCV  
  19  1:31  Marine  
  20  1:34  Orbital Command  
  20  1:39  Factory  
  20  1:45  Refinery  
  20  1:50  Marine  
  21  2:00  SCV  
  22  2:08  Marine  
  22  2:12  SCV  
  24  2:23  Supply Depot  
  24  2:24  SCV  
  24  2:25  Factory Tech Lab  
  24  2:27  Starport  
  24  2:29  Marine  
  26  2:38  SCV  
  27  2:45  Siege Tank  
  27  2:48  Supply Depot  
  27  2:50  SCV  
  31  2:52  Marine  
  32  3:02  SCV  
  32  3:03  Medivac  
  35  3:11  Marine  
  36  3:13  Supply Depot  
  36  3:19  Siege Tank  
  39  3:23  SCV  
  40  3:30  Liberator  
  40  3:33  Supply Depot  
  43  3:52  SCV  
  40  4:24  Marine  
  41  4:35  Siege Tank  
  47  5:11  SCV  
Show
View Real Time Build Order
Export as new Build Order

JAB Zerg 

Build Orders: Pool First 

Get SALT Encoding   

  12  0:01  Drone  
  13  0:13  Drone  
  14  0:16  Extractor  
  14  0:17  Drone  
  15  0:29  Overlord  
  15  0:51  Drone x3  
  18  0:58  Spawning Pool  
  18  1:03  Drone  
  18  1:05  Extractor  
  17  1:17  Drone  
  18  1:26  Drone  
  19  1:35  Drone  
  20  1:41  Hatchery  
  20  1:44  Queen  
  20  1:46  Drone  
  22  1:58  Roach Warren  
  21  2:12  Overlord  
  21  2:42  Roach  
  21  2:43  Roach x2  
  27  2:56  Overlord  
  27  3:00  Roach x3  
  27  3:03  Roach  
  35  3:14  Queen  
  35  3:17  Roach  
  41  3:27  Roach x2  
  43  3:37  Overlord  
  43  3:57  Spore Crawler  
  43  3:59  Drone x9  
  46  4:18  Roach x2  
  48  4:28  Queen  
  48  4:30  Drone x2  
  48  4:31  Overlord  
  46  4:43  Zergling x8  
  46  4:44  Zergling x2  
  49  4:57  Zergling x2  
  45  5:06  Spore Crawler  
  37  5:07  Spore Crawler  
Tags
 
Add a new tag
Caveats
  • Supply blocks, unpowered buildings, or Contaminate may cause inaccurate times.
  • Supply counts are checked every 10 seconds.